 Dungeon Crawl Stone Soup version 0.23.1-37-gaa34b87b72 (webtiles) character file.

Game seed: 10477183595246970065

536 Revguard the Slasher (level 7, 0/57 HPs)
             Began as a Yellow Draconian Skald on Mar 26, 2019.
             Was an Initiate of Vehumet.
             Succumbed to a worker ant's poison
             ... on level 5 of the Dungeon.
             The game lasted 00:22:10 (4480 turns).

Revguard the Slasher (Yellow Draconian Skald)       Turns: 4480, Time: 00:22:10

Health: 0/57       AC:  6    Str: 14    XL:     7   Next: 4%
Magic:  1/11       EV: 13    Int: 13    God:    Vehumet [......]
Gold:   139        SH:  0    Dex: 12    Spells: 2/11 levels left

rFire    . . .     SeeInvis .   a - +1 falchion
rCold    . . .     Gourm    .   (no shield)
rNeg     . . .     Faith    .   (armour unavailable)
rPois    .         Spirit   .   (helmet restricted)
rElec    .         Reflect  .   (no cloak)
rCorr    +         Harm     .   (no gloves)
MR       .....                  (no boots)
Stlth    +.........             d - amulet of the acrobat
HPRegen  0.19/turn              b - ring of ice
MPRegen  0.12/turn              q - ring of fire

@: lethally poisoned (0 -> -3), short of breath, singing, very slightly
contaminated
A: spit acid, unfitting armour, cold-blooded, acid resistance, AC +6
a: Breathe Acid, Renounce Religion


You were on level 5 of the Dungeon.
You worshipped Vehumet.
Vehumet was noncommittal.
You were near starving.

You visited 2 branches of the dungeon, and saw 6 of its levels.

You collected 139 gold pieces.

Inventory:

Hand Weapons
 a - a +1 falchion (weapon)
Jewellery
 b - a ring of ice (left hand)
 d - an amulet of the acrobat (around neck)
 q - a ring of fire (right hand)
Wands
 l - a wand of digging (5)
 m - a wand of random effects (20)
 p - a wand of paralysis (12)
Scrolls
 e - 2 scrolls of identify
 g - 2 scrolls of remove curse
 k - a scroll of immolation
 n - a scroll of magic mapping
 o - a scroll of blinking
Potions
 h - a potion of haste
 i - 4 potions of agility
Comestibles
 c - 6 rations


   Skills:
 + Level 3.4 Fighting
 + Level 4.5 Long Blades
 + Level 3.5 Dodging
 + Level 2.9 Spellcasting
 + Level 3.5 Charms
 * Level 2.7 Necromancy


You had 2 spell levels left.
You knew the following spells:

 Your Spells              Type           Power        Failure   Level  Hunger
a - Infusion              Chrm           ##..         5%          1    #......
b - Song of Slaying       Chrm           ##......     9%          2    ###....
c - Regeneration          Chrm/Necr      ##........   19%         3    ###....
d - Spectral Weapon       Hex/Chrm       #.......     32%         3    ###....

Your spell library contained the following spells:

 Spells                   Type           Power        Failure   Level  Hunger
 Shroud of Golubria       Chrm/Tloc      #.........   17%         2    ###....


Dungeon Overview and Level Annotations

Branches:
Dungeon (5/15)             Temple (1/1) D:4

Altars:
Cheibriados
Dithmenos
Elyvilon
Fedhas
Gozag
Hepliaklqana
Makhleb
Nemelex Xobeh
Qazlal
Ru
Sif Muna
Trog
Uskayaw
Vehumet
Zin
The Shining One

Shops:
D:4 :

Annotations:
D:5 Grinder


Innate Abilities, Weirdness & Mutations

You can spit globs of acid.
Your golden yellow scales are hard. (AC +6)
You cannot fit into any form of body armour.
You are cold-blooded and may be slowed by cold attacks.
You are resistant to acid. (rCorr)


Message History

You feel resistant to acid.
You feel a bit more experienced.
Press: ? - help, Shift-Dir - straight line, f - worker ant
Aim: a worker ant You spit a glob of acid.
The glob of acid hits the orc!
The orc is splashed with acid.
The acid corrodes the orc!
You kill the orc!
Vehumet accepts your kill.
You feel somewhat more hungry.
You hit the worker ant.
The worker ant is lightly wounded.
The worker ant bites you.
* * * LOW HITPOINT WARNING * * *
You are lethally poisoned!
The worker ant poisons you!
The worker ant bites you but does no damage.
Okay, then.
You closely miss the worker ant.
The worker ant is lightly wounded.
You die...

... #.. .. ##### ...
..( #...# ... ...##....
... ......... ##..
........# ####### #...?
.....oo##.......
###.....
#$Ooa@........#.......
#..5##.......#..<....#
##...# .......+.....5..
#....###########...#...
#...S##.......##...#...
#......h......####+#...
#.........S..$.......Y#
#...............>......
#..................5oo.


You could see Grinder, an ogre, a worker ant and 3 orcs.

Vanquished Creatures
  A phantom (D:4)
  2 hounds
  A jelly (D:4)
  An orc priest (D:4)
  A bullfrog skeleton (D:4)
  A centaur skeleton (D:4)
  Natasha (thrice) (D:2)
  2 orc wizards
  A worker ant (D:4)
  4 adders
  2 oozes
  3 dart slugs (D:1)
  4 leopard geckos
  11 orcs
  5 giant cockroaches
  7 goblins
  6 hobgoblins
  3 quokkas
  2 ball pythons (D:1)
  4 bats
  3 frilled lizards
  5 kobolds
  5 rats
77 creatures vanquished.

Notes
Turn   | Place    | Note
-------+----------+-------------------------------------------
     0 | D:1      | Revguard the Draconian Skald began the quest for the Orb.
     0 | D:1      | Reached XP level 1. HP: 17/17 MP: 3/3
   121 | D:1      | Reached XP level 2. HP: 18/24 MP: 0/5
   128 | D:1      | Learned a level 2 spell: Song of Slaying
   387 | D:1      | Reached XP level 3. HP: 25/30 MP: 6/6
  1356 | D:2      | Learned a level 3 spell: Regeneration
  1362 | D:2      | Noticed Natasha
  1368 | D:2      | Killed Natasha
  1502 | D:2      | Reached XP level 4. HP: 37/37 MP: 7/7
  1522 | D:2      | Noticed Natasha
  1530 | D:2      | Killed Natasha
  1688 | D:2      | Found a glowing silver altar of Zin.
  1724 | D:2      | Noticed Natasha
  1731 | D:2      | Killed Natasha
  1731 | D:2      | Reached skill level 3 in Long Blades
  1731 | D:2      | Reached skill level 1 in Necromancy
  2378 | D:3      | Reached XP level 5. HP: 36/44 MP: 8/8
  2384 | D:3      | Found a bloodstained altar of Trog.
  2387 | D:3      | Found a burning altar of Makhleb.
  2401 | D:3      | Found a snail-covered altar of Cheibriados.
  2404 | D:3      | Found a sparkling altar of Nemelex Xobeh.
  2851 | D:4      | Found Vaucal's Book Emporium.
  3024 | D:4      | Found a staircase to the Ecumenical Temple.
  3031 | Temple   | Entered the Ecumenical Temple
  3432 | Temple   | Became a worshipper of Vehumet
  3440 | Temple   | Learned a level 3 spell: Spectral Weapon
  3603 | D:4      | Noticed a phantom
  3665 | D:4      | Reached XP level 6. HP: 25/51 MP: 2/10
  3680 | D:4      | Reached skill level 4 in Long Blades
  4361 | D:5      | Entered Level 5 of the Dungeon
  4361 | D:5      | Noticed Grinder
  4405 | D:5      | Noticed a sky beast
  4423 | D:5      | Paralysed by Grinder for 5 turns
  4477 | D:5      | Your scales start taking on a golden yellow colour.
  4477 | D:5      | Reached XP level 7. HP: 6/57 MP: 1/11
  4477 | D:5      | Gained mutation: You are resistant to acid. (rCorr) [Yellow
                  | Draconian growth]
  4479 | D:5      | HP: 1/57 [worker ant (5)]
  4480 | D:5      | Succumbed to a worker ant's poison

Skill      XL: |  1  2  3  4  5  6 |
---------------+-------------------+-----
Charms         | 3 |  3.5
Long Blades    | 3 4 |  4.5
Necromancy     | 1 2 |  2.7
Fighting       | 3 |  3.4
Dodging        | 3 |  3.5
Spellcasting   | |  2.9

Action                   |  1- 3 |  4- 6 |  7- 9 || total
-------------------------+-------+-------+-------++-------
Melee: Falchion          |    79 |   167 |     2 ||   248
       Tailslap          |    10 |    22 |       ||    32
 Cast: Infusion          |     4 |     3 |       ||     7
       Song of Slaying   |     1 |     5 |       ||     6
       Regeneration      |       |     3 |       ||     3
 Abil: Breathe Acid      |       |       |     1 ||     1
  Use: Scroll            |     3 |     8 |       ||    11
       Potion            |     3 |     4 |       ||     7
 Stab: Distracted        |       |     1 |       ||     1
  Eat: Chunk             |     1 |    10 |       ||    11
Armor: Skin              |    24 |    84 |     1 ||   109
Dodge: Dodged            |    46 |   124 |       ||   170
       Rpst.: Falchion   |    21 |    42 |       ||    63
